 Dungeon Crawl Stone Soup version 0.23.2-40-g277498a001 (webtiles) character file.

Game seed: 6382727618371171200

100 Hylith the Skirmisher (level 4, -9/40 HPs)
             Began as a Ghoul Fighter on Sept 25, 2019.
             Mangled by an orc
             ... wielding a +0 whip of distortion
              (19 damage)
             ... on level 3 of the Dungeon.
             The game lasted 00:03:46 (2445 turns).

Hylith the Skirmisher (Ghoul Fighter)               Turns: 2445, Time: 00:03:46

Health: -9/40      AC: 10    Str: 20    XL:     4   Next: 73%
Magic:  3/3        EV:  5    Int:  3    God:
Gold:   170        SH:  9    Dex:  8    Spells: 3/3 levels left

rFire    . . .     SeeInvis .   a - +0 war axe
rCold    + + .     Gourm    .   c - +0 shield
rNeg     + + +     Faith    .   t - +0 chain mail
rPois    ∞         Spirit   .   (no helmet)
rElec    .         Reflect  .   i - +0 cloak
rCorr    .         Harm     .   (no gloves)
MR       .....                  (no boots)
Stlth    ..........             u - amulet of magic regeneration
HPRegen  0.00/turn              s - ring of protection from cold
MPRegen  0.33/turn              (no ring)

@: rotting
A: rotting body, claws 1, carnivore, cold resistance 1, negative energy
resistance 3, inhibited regeneration, torment resistance, unbreathing
a: no special abilities


You were on level 3 of the Dungeon.
You were very hungry.

You visited 1 branch of the dungeon, and saw 3 of its levels.
You visited the Abyss 1 time.

You collected 170 gold pieces.

Inventory:

Hand Weapons
 a - a +0 war axe (weapon)
Missiles
 e - 6 tomahawks (quivered)
Armour
 b - a +0 scale mail
 c - a +0 shield (worn)
 i - a +0 cloak (worn)
 t - a +0 chain mail (worn)
Jewellery
 s - a ring of protection from cold (left claw)
 u - an amulet of magic regeneration (around neck)
Scrolls
 h - 3 scrolls of remove curse {unknown}
 j - a scroll of identify {unknown}
 k - 2 scrolls of blinking {unknown}
 m - a scroll of immolation {unknown}
 p - 2 scrolls of fear {unknown}
 q - a scroll of enchant armour {unknown}
 r - 3 scrolls of teleportation {unknown}
Potions
 d - 2 potions of might
 l - 4 potions of curing {unknown}
 n - a potion of cancellation {unknown}
 o - 2 potions of agility {unknown}
Comestibles
 f - 13 rations


   Skills:
 + Level 4.0 Fighting
 * Level 3.1 Axes
 - Level 3.0 Armour
 + Level 3.3 Shields


You had 3 spell levels left.
You didn't know any spells.
Your spell library contained the following spells:

 Spells                   Type           Power        Failure   Level  Hunger
 Sticks to Snakes         Tmut           #.......     100%        2    ###....
 Beastly Appendage        Tmut           Unusable     N/A         1    N/A
 Spider Form              Tmut/Pois      Unusable     N/A         3    N/A
 Ice Form                 Ice/Tmut       Unusable     N/A         4    N/A
 Blade Hands              Tmut           Unusable     N/A         5    N/A

Dungeon Overview and Level Annotations

Branches:
Dungeon (3/15)

Altars:
Gozag
Hepliaklqana


Innate Abilities, Weirdness & Mutations

Your body is rotting away.
You thrive on raw meat.
You are immune to poison.
You have sharp fingernails.
You are carnivorous and can eat meat at any time.
Your flesh is cold resistant. (rC+)
You are immune to negative energy. (rN+++)
You do not regenerate when monsters are visible.
You are immune to unholy pain and torment.
You can survive without breathing.


Message History

d - 2 potions of might (gained 1)
f - 12 rations (gained 1)
You are feeling very hungry.
Unknown command.
There is an open door here.
There is an open door here.
All of the chunks of flesh in your inventory have rotted away.
f - 13 rations (gained 1)
An orc comes into view. It is wielding a +0 whip of distortion.
The orc shouts!
You barely miss the orc.
The orc hits you with a +0 whip of distortion.
Space warps horribly around you!
You closely miss the orc. The orc hits you but does no damage.
Space warps horribly around you!
* * * LOW HITPOINT WARNING * * *
The orc hits you with a +0 whip of distortion.
* * * LOW HITPOINT WARNING * * *
Space warps horribly around you!!
You die...

#.##.# #.##.##############
#.#...............#
#########.############.####
.........>........# #.#
......###.#######.# #.#
.(....# #.# .# #.# ......#
#.#######o# #.# ......#
#.......@.# #.#
......############# #.#
......#...<...# #.#
......#.##.##.# #.#
#+#####.....#.# #.# #.#
#######.# #.# ..# #.# #.#
..# #######.# #.# ..#
#.......# #.#


You could see an orc.

Vanquished Creatures
  3 adders
  An ooze (D:3)
  2 worms
  A dart slug (D:2)
  3 leopard geckos
  6 giant cockroaches
  6 hobgoblins
  4 jackals (D:3)
  2 quokkas
  7 bats
  5 goblins
  6 kobolds
  11 rats
57 creatures vanquished.

Notes
Turn   | Place    | Note
-------+----------+-------------------------------------------
     0 | D:1      | Hylith the Ghoul Fighter began the quest for the Orb.
     0 | D:1      | Reached XP level 1. HP: 19/19 MP: 0/0
   252 | D:1      | Reached XP level 2. HP: 26/26 MP: 1/1
   460 | D:1      | Cast into level 1 of the Abyss (a distortion unwield)
   471 | D:1      | Escaped the Abyss
   832 | D:2      | Reached XP level 3. HP: 15/31 MP: 2/2
  1238 | D:2      | Found an opulent altar of Gozag.
  1374 | D:2      | Reached XP level 4. HP: 40/40 MP: 3/3
  1448 | D:2      | Found a hazy altar of Hepliaklqana.
  2076 | D:3      | Reached skill level 4 in Fighting
  2445 | D:3      | Mangled by an orc

Skill      XL: |  1  2  3  4 |
---------------+-------------+-----
Axes           | 2 3 |  3.1
Shields        | 3 |  3.3
Armour         | 3 |  3.0
Fighting       | 4 |  4.0

Action                   |  1- 3 |  4- 6 || total
-------------------------+-------+-------++-------
Melee: War axe           |   101 |    88 ||   189
  Eat: Chunk             |     2 |     2 ||     4
Armor: Scale mail        |    57 |    13 ||    70
       Chain mail        |       |    39 ||    39
Dodge: Dodged            |    41 |    17 ||    58
Block: Shield            |    42 |    37 ||    79
